 Dungeon Crawl Stone Soup version 0.17.0-73-gb648821 (webtiles) character file.

137 fredomojojo the Stinger (level 5, -7/32 HPs)
             Began as an Octopode Venom Mage on Dec 9, 2015.
             Was an Initiate of Dithmenos.
             Mangled by Natasha (8 damage)
             ... on level 3 of the Dungeon.
             The game lasted 00:22:47 (2070 turns).

fredomojojo the Stinger (Octopode Venom Mage)       Turns: 2070, Time: 00:22:47

Health: -7/32      AC:  1    Str:  7    XL:     5   Next: 20%
Magic:  0/8        EV: 13    Int: 17    God:    Dithmenos [......]
Gold:   133        SH:  0    Dex: 14    Spells: 1 memorised, 8 levels left

rFire  x . .     SeeInvis .     c - +0 short sword
rCold  + . .     Clarity  .     (no shield)
rNeg   . . .     SustAt   .     (helmet restricted)
rPois  .         Gourm    .     d - amulet of guardian spirit
rElec  .         Spirit   +     i - ring of stealth
rCorr  .         Warding  .     l - ring of ice
rMut   .         Stasis   .     (no ring)
MR     .....                    (no ring)
Stlth  +++++.....               (no ring)
                                (no ring)
                                (no ring)
                                (no ring)

@: not resistant to hostile enchantments, quite stealthy
A: almost no armour, amphibious, 8 rings, constrict 8, camouflage 1, gelatinous
body 1
a: Renounce Religion


You were on level 3 of the Dungeon.
You worshipped Dithmenos.
Dithmenos was noncommittal.
You were not hungry.

You visited 1 branch of the dungeon, and saw 3 of its levels.

You collected 133 gold pieces.

Inventory:

Hand Weapons
 c - a +0 short sword (weapon)
Missiles
 o - 3 exploding tomahawks (quivered)
 w - 2 curare-tipped needles
Jewellery
 d - an amulet of guardian spirit (around mantle)
 i - a ring of stealth (left tentacle)
 l - a ring of ice (right tentacle)
 r - an uncursed amulet of rage
Wands
 q - a wand of slowing (28)
Scrolls
 e - 2 scrolls of identify {unknown}
 k - 2 scrolls of noise {unknown}
 n - 2 scrolls of immolation {unknown}
 s - a scroll of amnesia {unknown}
 t - a scroll of magic mapping {unknown}
Potions
 g - 3 potions of curing
 h - a potion of brilliance {unknown}
 j - a potion of invisibility {unknown}
 m - a potion of flight {unknown}
 u - a potion of berserk rage {unknown}
 v - a potion of cancellation {unknown}
Books
 a - a Young Poisoner's Handbook

   Spells                             Type                      Level
   a - Sting                          Conjuration/Poison           1
   b - Cure Poison                    Poison                       2
   c - Mephitic Cloud                 Conjuration/Poison/Air       3
   d - Olgreb's Toxic Radiance        Poison                       4
   e - Venom Bolt                     Conjuration/Poison           5
Comestibles
 b - 3 bread rations
 f - 2 chunks of flesh
 p - a slice of pizza


   Skills:
 + Level 0.8 Fighting
 + Level 0.2 Short Blades
 + Level 2.4 Dodging
 + Level 4.0 Stealth
 + Level 2.5 Spellcasting
 + Level 1.1 Conjurations
 + Level 6.1 Poison Magic


You had 8 spell levels left.
You knew the following spells:

 Your Spells              Type           Power        Failure   Level  Hunger
a - Sting                 Conj/Pois      ##..         4%          1    #......


Dungeon Overview and Level Annotations

Branches:
Dungeon (3/15)

Altars:
Dithmenos
Elyvilon

Annotations:
D:3 Natasha


Innate Abilities, Weirdness & Mutations

You cannot wear most types of armour.
You are amphibious.
You can wear up to eight rings at the same time.
You can use your tentacles to constrict eight enemies at once.
Your skin changes colour to match your surroundings (Stealth).
Your rubbery body absorbs attacks (AC +1).


Message History

Press: ? - help, Shift-Dir - straight line, f/p - giant gecko
Aim: a giant gecko (clinging)
The sting hits the giant gecko.
The giant gecko is heavily wounded.
The giant gecko barely misses you.
You closely miss the giant gecko. Your grab misses the giant gecko.
The giant gecko is heavily wounded.
The giant gecko closely misses you.
You closely miss the giant gecko. You grab the giant gecko.
The giant gecko is heavily wounded.
You constrict the giant gecko. The giant gecko closely misses you.
The giant gecko bites you.
* * * LOW HITPOINT WARNING * * *
You hit the giant gecko.
You kill the giant gecko!
Dithmenos accepts your kill.
You hit Natasha. Your grab misses Natasha.
Natasha is lightly wounded.
Natasha claws you!
You die...

### #.#########
##########..........
#.h@.....<..........
#l########.#.#######
###'##### #.#.# ##
#.......# #.#.# ##.
#..รท....# #.#.# #...
#.......# #.#.# ....
#.......####.#.##.....
######l...>..............
#.....#.#..####.#.##.....


You could see Natasha and a giant newt.

Vanquished Creatures
  Jessica (D:2)
  Natasha (D:3)
  A worker ant (D:3)
  2 adders
  An orc (D:3)
  5 bats
  9 hobgoblins
  6 kobolds
  A quokka (D:2)
  A giant cockroach (D:2)
  4 giant geckos
  2 giant newts
  4 goblins
  4 rats
42 creatures vanquished.

Notes
Turn   | Place    | Note
--------------------------------------------------------------
     0 | D:1      | fredomojojo the Octopode Venom Mage began the quest for the Orb.
     0 | D:1      | Reached XP level 1. HP: 11/11 MP: 3/3
   319 | D:1      | Reached skill level 5 in Poison Magic
   410 | D:1      | Reached XP level 2. HP: 17/17 MP: 0/5
   968 | D:1      | Reached XP level 3. HP: 19/21 MP: 3/6
  1436 | D:2      | Found a shadowy altar of Dithmenos.
  1445 | D:2      | Became a worshipper of Dithmenos the Shadowed
  1491 | D:2      | Noticed Jessica
  1494 | D:2      | Killed Jessica
  1494 | D:2      | Reached skill level 6 in Poison Magic
  1494 | D:2      | Reached XP level 4. HP: 27/27 MP: 7/7
  1630 | D:2      | Found a faded altar to an unknown god.
  1916 | D:3      | Found a white marble altar of Elyvilon.
  1928 | D:3      | Reached skill level 1 in Conjurations
  2009 | D:3      | Noticed Natasha
  2017 | D:3      | Killed Natasha
  2048 | D:3      | Reached XP level 5. HP: 15/32 MP: 0/8
  2055 | D:3      | Noticed Natasha
  2068 | D:3      | HP: 1/32 [giant gecko (3)]
  2070 | D:3      | Mangled by Natasha

Action                   |  1- 3 |  4- 6 || total
-------------------------+-------+-------++-------
Melee: Unarmed           |     8 |       ||     8
       Short sword       |    24 |    31 ||    55
Throw: Tomahawk          |       |     1 ||     1
 Cast: Sting             |    31 |    12 ||    43
  Use: Potion            |       |     2 ||     2
 Stab: Sleeping          |     2 |     8 ||    10
  Eat: Chunk             |     2 |     2 ||     4
